 Dungeon Crawl Stone Soup version 0.30-a0-840-ga523dec638 (webtiles) character file.

Game seed: 18323958039284399701

12189 lesbiats the Grappler (level 11, 0/109 (111) HPs)
             Began as a Troll Fighter on Mar 2, 2023.
             Was a Priest of Wu Jian.
             Succumbed to a black mamba's poison
             ... on level 1 of the Lair of Beasts.
             The game lasted 00:37:18 (11039 turns).

lesbiats the Grappler (Troll Fighter)              Turns: 11039, Time: 00:37:18

HP:   0/109 (111)   AC:  6    Str: 26    XL:     11   Next: 59%
MP:   10/10         EV: 10    Int: 11    God:    Wu Jian [***...]
Gold: 582           SH: 15    Dex:  9    Spells: 8/10 levels left

rFire   . . .      SeeInvis +      - Unarmed
rCold   . . .      Faith    .    b - +0 kite shield
rNeg    + . .      Spirit   .    H - +1 robe "Geuhoe" {rElec Int+3 SInv}
rPois   .          Reflect  +    (helmet restricted)
rElec   +          Harm     .    O - +0 cloak {Will+}
rCorr   .          Rampage  .    (gloves unavailable)
Will    ++...                    (boots unavailable)
Stlth   +                        P - amulet of reflection
HPRegen 1.18/turn                L - ring of positive energy
MPRegen 0.12/turn                T - ring of willpower

@: lethally poisoned (0 -> -25), lightly drained
A: large, unfitting armour, claws 3, regeneration 1, shaggy fur 1, tough skin 1
a: Renounce Religion, Wall Jump, Serpent's Lash


You were on level 1 of the Lair of Beasts.
You worshipped Wu Jian.
Wu Jian was most pleased with you.
You visited 3 branches of the dungeon, and saw 13 of its levels.
You also visited: Sewer and Bailey.

You collected 962 gold pieces.
You spent 380 gold pieces at shops.

Inventory:

Missiles
 a - 2 javelins
 l - 2 large rocks
 p - 7 curare-tipped darts
 E - 18 boomerangs (quivered)
 I - 45 poisoned darts
 N - 13 atropa-tipped darts
 Z - a throwing net
Armour
 b - a +0 kite shield (worn)
 H - the +1 robe "Geuhoe" (worn) {rElec Int+3 SInv}
   (You found it on level 6 of the Dungeon)

   Int:       It affects your intelligence (+3).
   rElec:     It insulates you from electricity.
   SInv:      It lets you see invisible.
 O - a +0 cloak of willpower (worn)
Jewellery
 L - a ring of positive energy (left claw)
 P - an amulet of reflection (around neck)
 T - a ring of willpower (right claw)
Wands
 r - a wand of mindburst (12)
 J - a wand of charming (6)
 W - a wand of flame (10)
Scrolls
 e - a scroll of fog {unknown}
 j - 2 scrolls of silence
 k - 2 scrolls of fear
 n - 4 scrolls of immolation
 s - a scroll of noise {unknown}
 w - 2 scrolls of poison
 y - 3 scrolls of teleportation
 B - 2 scrolls of magic mapping
 D - a scroll of butterflies {unknown}
 M - a scroll of vulnerability {unknown}
Potions
 c - 2 potions of heal wounds
 d - 3 potions of berserk rage
 g - 2 potions of resistance {unknown}
 h - 2 potions of flight {unknown}
 i - 6 potions of haste
 m - 3 potions of invisibility
 o - 2 potions of cancellation {unknown}
 q - a potion of degeneration {unknown}
 t - 5 potions of lignification
 z - 4 potions of mutation
 C - a potion of attraction {unknown}
 K - a potion of ambrosia {unknown}
 V - 2 potions of might
Miscellaneous
 Q - a piece from Xom's chessboard (15/15)


   Skills:
 + Level 7.9 Fighting
 + Level 5.8 Dodging
 + Level 8.6 Shields
 * Level 12.5 Unarmed Combat


You had 8 spell levels left.
You knew the following spells:

 Your Spells              Type           Power      Damage    Failure   Level
a - Passwall              Tmut/Erth      0%         N/A       71%         2

Your spell library contained the following spells:

 Spells                   Type           Power      Damage    Failure   Level
 Beastly Appendage        Tmut           0%         N/A       56%         1
 Magic Dart               Conj           0%         1d3       56%         1
 Necrotise                Necr           0%         1d4       56%         1
 Slow                     Hex            0%         N/A       56%         1
 Call Imp                 Summ           0%         N/A       71%         2
 Ensorcelled Hibernation  Hex/Ice        0%         N/A       71%         2
 Wereblood                Tmut           0%         N/A       71%         2
 Confusing Touch          Hex            0%         N/A       90%         3
 Mephitic Cloud           Conj/Pois/Air  0%         N/A       90%         3
 Spider Form              Tmut/Pois      0%         N/A       90%         3
 Swiftness                Air            0%         N/A       90%         3
 Vampiric Draining        Necr           0%         2d6       90%         3
 Agony                    Necr           0%         N/A       100%        5
 Alistair's Intoxication  Tmut/Pois      0%         N/A       100%        5
 Borgnjor's Vile Clutch   Necr/Erth      0%         N/A       100%        5
 Eringya's Noxious Bog    Tmut/Pois      0%         N/A       100%        6


Dungeon Overview and Level Annotations

Branches:
Dungeon (11/15)            Temple (1/1) D:4            Lair (1/5) D:11
    Orc (0/2) D:11          Sewer (visited)          Bailey (visited)

Altars:
Ashenzari
Fedhas
Gozag
Hepliaklqana
Makhleb
Nemelex Xobeh
Ru
Sif Muna
Trog
Wu Jian
Zin

Shops:
D:4 !   D:8 (

Portals:
Trove: D:11 (give +2 fire dragon scales)

Annotations:
Lair:1 Nergalle


Innate Abilities, Weirdness & Mutations

You are too large for most types of armour.
You have claws for hands.
Your natural rate of healing is unusually fast.
You are covered in fur. (AC +1)
You have tough skin. (AC +1)


Message History

The spectral orc warrior disappears in a puff of smoke!
You feel very sick.
The spectral orc hits you with a +0 club.
You partially resist.
You feel drained. You block the black mamba's attack.
The black mamba attacks as you move away!
The black mamba bites you!
* * * LOW HITPOINT WARNING * * *
The spectral orc attacks as you move away!
The spectral orc barely misses you.
You feel very sick. You block the black mamba's attack.
You feel very sick.
You feel better. You block the black mamba's attack. x2
The black mamba attacks as you move away!
The black mamba closely misses you. You block the black mamba's attack.
The black mamba bites you!
* * * LOW HITPOINT WARNING * * *
You are poisoned.
The black mamba poisons you!
Okay, then.
You feel much better.
You feel very sick. The black mamba bites you!
* * * LOW HITPOINT WARNING * * *
You are more poisoned.
The black mamba poisons you!
Nergalle mutters something.
The black mamba bites you!
* * * LOW HITPOINT WARNING * * *
You are more poisoned.
The black mamba poisons you!
The black mamba attacks as you move away!
The black mamba bites you.
* * * LOW HITPOINT WARNING * * *
x2 You feel extremely sick.
As you read the scroll of fear, it crumbles to dust.
You assume a fearsome visage.
The spectral orc is unaffected.
Nergalle looks frightened!
The black mamba looks frightened!
The cane toad looks frightened!
You die...

#........#
#..!.....##
#.)#####
.........P#
........
#........##
#......
#.###.....#
P.....
##.o.## #...#
#.Z.####...#
##..†F#.....#
#.....S@....#
##...####..(#
#P...P #...#
##...## #...#
#....# #..!##
##...#
#..<=####.#.
#...#
#.?[).......
#...#
#...........
#..###P..###


You could see Nergalle (fleeing), a spectral orc (summoned), a black mamba
(fleeing) and a cane toad (fleeing).

Vanquished Creatures
  2 two-headed ogres
  A manticore (D:11)
  Maggie (D:6)
  2 komodo dragons (D:11)
  3 trolls
  Grinder (D:3)
  19 yaks
  A vampire (D:10)
  3 wraiths
  A wyvern (D:5)
  3 basilisks (D:11)
  Grum (D:11)
  2 steam dragons
  Edmund (D:6)
  Duvessa (D:4)
  A water moccasin (Lair:1)
  6 orc warriors
  A black bear (D:6)
  2 ice beasts
  3 centaurs
  3 ogres
  A phantom (D:5)
  3 wolves (D:11)
  Blork the orc (D:6)
  2 bullfrogs
  11 kobold brigands
  3 necrophages
  A scorpion (D:6)
  4 wights (D:8)
  Dowan (D:4)
  6 killer bees
  6 howler monkeys
  4 hounds
  A jelly (D:6)
  A gnoll bouda (D:7)
  7 orc priests
  3 iguanas
  5 orc wizards
  A hound skeleton (D:6)
  7 gnolls
  5 adders
  2 river rats (Sewer)
  A shadow imp (D:5)
  A white imp (D:5)
  An ufetubus (D:5)
  A dart slug (D:4)
  25 orcs
  6 bats
  8 endoplasms
  7 giant cockroaches
  15 goblins
  6 hobgoblins
  3 jackals (D:1)
  47 kobolds
  4 quokkas
  3 training dummies (D:8)
  7 ball pythons
  A ball python zombie (D:3)
  2 frilled lizards (D:1)
  A jackal zombie (D:3)
  23 rats
295 creatures vanquished.

Vanquished Creatures (others)
  A kobold (D:11)
  A fungus (Lair:1)
2 creatures vanquished.

Grand Total: 297 creatures vanquished

Notes
Turn   | Place    | Note
-------+----------+-------------------------------------------
     0 | D:1      | lesbiats the Troll Fighter began the quest for the Orb.
     0 | D:1      | Reached XP level 1. HP: 22/22 MP: 0/0
   136 | D:1      | Reached XP level 2. HP: 29/29 MP: 1/1
   854 | D:2      | You fall into a shaft and drop 2 floors!
   880 | D:4      | Noticed an ogre
   906 | D:4      | Reached XP level 3. HP: 35/36 MP: 2/2
   913 | D:4      | Noticed Dowan
   915 | D:4      | Noticed Duvessa
   944 | D:4      | Reached skill level 3 in Unarmed Combat
   944 | D:4      | Found a glowing drain.
   953 | Sewer    | Entered a sewer
  1094 | Sewer    | Reached XP level 4. HP: 44/44 MP: 3/3
  1291 | Sewer    | Noticed a kobold brigand
  1296 | Sewer    | Killed a kobold brigand
  1297 | Sewer    | Reached skill level 4 in Unarmed Combat
  1297 | Sewer    | Reached XP level 5. HP: 53/53 MP: 4/4
  1511 | D:4      | Killed an ogre
  1512 | D:4      | Reached XP level 6. HP: 58/61 MP: 5/5
  1518 | D:4      | Killed Duvessa
  1519 | D:4      | Reached skill level 5 in Unarmed Combat
  1541 | D:4      | Killed Dowan
  1779 | D:2      | Found a sacrificial altar of Ru.
  1955 | D:2      | Found a faded altar of an unknown god.
  2437 | D:3      | Noticed Grinder
  2445 | D:3      | Killed Grinder
  2446 | D:3      | Reached skill level 6 in Unarmed Combat
  2446 | D:3      | Reached XP level 7. HP: 68/70 MP: 6/6
  2453 | D:3      | Found a glowing silver altar of Zin.
  2455 | D:3      | Found a blossoming altar of Fedhas.
  2859 | D:4      | Found a staircase to the Ecumenical Temple.
  2871 | Temple   | Entered the Ecumenical Temple
  2881 | Temple   | Became a worshipper of the Wu Jian Council
  2975 | D:4      | Found Zejituji's Distillery.
  2978 | D:4      | Bought a potion of curing for 30 gold pieces
  2978 | D:4      | Bought a potion of lignification for 30 gold pieces
  2978 | D:4      | Bought a potion of heal wounds for 50 gold pieces
  2978 | D:4      | Bought a potion of haste for 100 gold pieces
  3145 | D:5      | Entered Level 5 of the Dungeon
  3266 | D:5      | Reached skill level 5 in Shields
  3266 | D:5      | Reached XP level 8. HP: 73/79 MP: 7/7
  3269 | D:5      | Reached skill level 7 in Unarmed Combat
  3458 | D:5      | Identified the +1 short sword of the Sun {pain, Fragile Fly
                  | rCorr}
  3663 | D:6      | Noticed Maggie
  3676 | D:6      | Killed Maggie
  3677 | D:6      | Reached skill level 5 in Fighting
  3677 | D:6      | Reached skill level 8 in Unarmed Combat
  3876 | D:6      | Noticed Blork the orc
  3882 | D:6      | Killed Blork the orc
  3925 | D:6      | Identified the +1 robe "Geuhoe" {rElec Int+3 SInv}
  4098 | D:6      | Reached XP level 9. HP: 85/88 MP: 8/8
  4153 | D:6      | Noticed Edmund
  4167 | D:6      | Killed Edmund
  4509 | D:6      | Found a burning altar of Makhleb.
  4764 | D:7      | Reached * piety under Wu Jian
  4766 | D:7      | Reached skill level 9 in Unarmed Combat
  5746 | D:8      | Reached ** piety under Wu Jian
  5747 | D:8      | Found Yhaum's Firing Range.
  5748 | D:8      | Found a flagged portal.
  5784 | Bailey   | Entered a bailey
  5806 | Bailey   | Reached skill level 10 in Unarmed Combat
  5953 | Bailey   | Found a bloodstained altar of Trog.
  5974 | Bailey   | Reached XP level 10. HP: 42/100 MP: 9/9
  6553 | D:8      | Found a sparkling altar of Nemelex Xobeh.
  6559 | D:8      | Found an opulent altar of Gozag.
  6562 | D:8      | Found a hazy altar of Hepliaklqana.
  7024 | D:9      | Noticed a two-headed ogre
  7035 | D:9      | Killed a two-headed ogre
  7036 | D:9      | Reached skill level 11 in Unarmed Combat
  7109 | D:9      | Learned a level 2 spell: Passwall
  7172 | D:9      | Identified the +3 long sword "Nokamist" {pain, rPois rF+
                  | Dex+3 SInv}
  7228 | D:9      | Reached *** piety under Wu Jian
  7763 | D:4      | Bought a potion of heal wounds for 50 gold pieces
  7763 | D:4      | Bought a potion of magic for 80 gold pieces
  7763 | D:4      | Bought a potion of might for 40 gold pieces
  7961 | D:10     | Entered Level 10 of the Dungeon
  8009 | D:10     | Noticed a two-headed ogre
  8021 | D:10     | Killed a two-headed ogre
  8022 | D:10     | Reached skill level 5 in Dodging
  8393 | D:10     | Reached XP level 11. HP: 108/109 MP: 10/10
  9008 | D:11     | Identified the +6 whip of the Boiling Point {freeze, rElec
                  | rC- rN+ Str+6}
  9112 | D:11     | Noticed Grum
  9128 | D:11     | Killed Grum
  9172 | D:11     | Found a portal to a secret trove of treasure.
  9281 | D:11     | Reached skill level 12 in Unarmed Combat
  9498 | D:11     | Found a staircase to the Lair.
  9513 | Lair:1   | Entered Level 1 of the Lair of Beasts
 10525 | D:11     | Found a staircase to the Orcish Mines.
 11028 | Lair:1   | Noticed Nergalle
 11039 | Lair:1   | Succumbed to a black mamba's poison

Illustrated notes

Levels and vault maps discovered:
D:1:      dpeg_arrival_prison, layout_loops_ring
D:2:      layout_loops_ring, nicolae_ecumenical_oubliette, basic_altar
D:3:      layout_basic, mainiacjoe_overflow_catwalk_spiral, serial_undead,
          serial_undead_c, serial_undead_b, serial_undead_b, serial_undead_c,
          roderic_roman_lattice, uniq_grinder
D:4:      kennysheep_the_goblin_king, layout_basic,
          minmay_temple_entry_statues_fountains, serial_shops,
          kennysheep_mini_moat, portal_sewer_entry_d,
          chequers_serial_rivers_micro_c, uniq_duvessa
D:5:      layout_rooms
D:6:      layout_loops_corners, makhleb_blood_cavern_becter,
          minmay_stone_trees_small, minmay_between, uniq_maggie,
          uniq_blork_the_orc, uniq_edmund
D:7:      layout_loops_ring
D:8:      nicolae_BIG_FREAKIN_CUBE, layout_basic,
          minmay_overflow_temple_star_quad, enter_bailey_2,
          nicolae_shop_firing_range
D:9:      layout_long_grid
D:10:     layout_stronghold
D:11:     layout_stronghold, erik_lair_dragon, orc_0_dummy,
          nicolae_trove_entry_free_sample, uniq_grum
Temple:   eino_temple_scatter_basement
Lair:1:   layout_long_grid, grunt_megastairs_3, uniq_sonja, uniq_harold,
          uniq_joseph, uniq_nergalle

Skill      XL: |  1  2  3  4  5  6  7  8  9 10 11 |
---------------+----------------------------------+-----
Shields        | 3 4 5 6 7 8 |  8.6
Unarmed Combat | 3 4 6 8 10 11 12 | 12.5
Fighting       | 3 4 5 6 7 |  7.9
Dodging        | 3 5 |  5.8

Action                     |  1- 3 |  4- 6 |  7- 9 | 10-12 || total
---------------------------+-------+-------+-------+-------++-------
  Melee: Unarmed           |   100 |   171 |   305 |   300 ||   876
  Throw: Dart              |       |       |       |    11 ||    11
         Throwing net      |       |       |       |     2 ||     2
Ability: Lunge             |       |       |    30 |    24 ||    54
         Whirlwind         |       |       |    50 |    63 ||   113
    Use: Potion            |     1 |     1 |     6 |     5 ||    13
         Scroll            |       |       |     8 |     7 ||    15
   Stab: Sleeping          |       |       |     1 |       ||     1
         Held in net/web   |       |       |       |     1 ||     1
 Armour: Robe              |    69 |    63 |    37 |    29 ||   198
         Steam dragon scal |       |       |     1 |       ||     1
  Dodge: Dodged            |    75 |    59 |    73 |    52 ||   259
  Block: Kite shield       |    70 |    77 |   117 |   141 ||   405
         Reflection        |       |       |       |     3 ||     3

Table legend: (Time is in decaauts)
 A = Elapsed time spent in this place.
 B = Non-inter-level travel time spent in this place.
 C = Inter-level travel time spent in this place.
 D = Time resting spent in this place.
 E = Time spent auto-exploring this place.
 F = Levels seen in this place.
 G = Mean time per level.
                   A        B        C        D        E       F      G
               +--------+--------+--------+--------+--------+-----+--------+
         Total |  11045 |   9133 |   1912 |    732 |   5813 |  15 |  736.3 |
       Dungeon |  10055 |   8162 |   1893 |    626 |   5564 |  11 |  914.1 |
        Temple |     19 |      4 |     15 |      0 |      1 |   1 |   19.0 |
          Lair |     72 |     68 |      4 |      0 |      0 |   1 |   72.0 |
         Sewer |    559 |    559 |      0 |     14 |    248 |   1 |  559.0 |
        Bailey |    339 |    339 |      0 |     92 |      0 |   1 |  339.0 |
               +--------+--------+--------+--------+--------+-----+--------+

Top non-repeatable levels by time:
    D:11: 2079 daAuts
     D:6: 1133 daAuts
     D:7: 1106 daAuts
    D:10: 919 daAuts
     D:8: 902 daAuts
     D:9: 768 daAuts
     D:1: 679 daAuts
     D:2: 666 daAuts
     D:4: 649 daAuts
     D:3: 630 daAuts
   Sewer: 559 daAuts
     D:5: 521 daAuts
  Bailey: 339 daAuts
  Lair:1: 72 daAuts
  Temple: 19 daAuts
